 Dungeon Crawl Stone Soup version 0.29.0-4-gdea44cf6ec (webtiles) character file.

Game seed: 4948537098425226595

86 qw the Chopper (level 4, -1/28 HPs)
             Began as a Gargoyle Fighter on Sept 10, 2022.
             Slain by a gnoll
             ... wielding a +0 flail
              (8 damage)
             ... on level 3 of the Dungeon.
             The game lasted 00:00:35 (2410 turns).

qw the Chopper (Gargoyle Fighter)                   Turns: 2410, Time: 00:00:36

Health: -1/28      AC: 12    Str: 22    XL:     4   Next: 50%
Magic:  4/4        EV:  9    Int:  8    God:
Gold:   141        SH:  4    Dex:  9    Spells: 3/3 levels left

rFire   . . .      SeeInvis .   Y - +4 war axe
rCold   + . .      Faith    .   c - +0 buckler
rNeg    + . .      Spirit   .   b - +0 scale mail
rPois   inf        Reflect  .   f - +1 helmet
rElec   +          Harm     .   (no cloak)
rCorr   .          Rampage  .   (no gloves)
Will    .....                   (no boots)
Stlth   ..........              (no amulet)
HPRegen 0.09/turn               h - ring of protection from cold
MPRegen 0.09/turn               (no ring)

@: no status effects
A: sickness immunity, AC +3, negative energy resistance 1, electricity
resistance, torment resistance 1, petrification resistance
a: no special abilities


You were on level 3 of the Dungeon.
You visited 1 branch of the dungeon, and saw 3 of its levels.

You collected 141 gold pieces.


Innate Abilities, Weirdness & Mutations

You are immune to sickness and miasma.
Your stone body is resilient. (AC +3)
You are immune to poison.
You resist negative energy. (rN+)
You are resistant to electric shocks. (rElec)
You are resistant to unholy torment.
You are immune to petrification.


   Skills:
 - Level 3.2 Fighting
 + Level 4.2 Axes
 - Level 3.2 Armour
 - Level 3.2 Shields


You had 3 spell levels left.
You didn't know any spells.
Your spell library was empty.

Inventory:

Hand Weapons
 e - a +0 whip
 Y - a +4 war axe (weapon)
Armour
 b - a +0 scale mail (worn)
 c - a +0 buckler (worn)
 f - a +1 helmet (worn)
Jewellery
 h - a ring of protection from cold (left hand)
Scrolls
 a - 2 scrolls of identify
 l - 2 scrolls of teleportation {unknown}
Potions
 d - a potion of might
 g - a potion of curing
 i - a potion of lignification {unknown}
 j - a potion of flight {unknown}
 k - a potion of mutation {unknown}
 m - a potion of magic {unknown}

Dungeon Overview and Level Annotations

Branches:
Dungeon (3/15)

Altars:

Annotations:
D:3 Jessica


Message History

You slash the endoplasm!
You kill the endoplasm!
You start resting.
HP restored.
You see here a giant cockroach corpse.
You now have 141 gold pieces (gained 11).
There is an escape hatch in the ceiling here.
k - a fuming grey potion A kobold comes into view.
It is wielding a +0 dagger of venom.
You slash the kobold!
You kill the kobold!
Found a sling and a book of Air.
You see here a +0 dagger of venom.
Found 5 stones.
You see here a +0 sling.
l - 2 scrolls labelled ROEFEGO NIVO
Enter note:
m - a lumpy black potion You open the door.
A quokka, Jessica and 4 gnolls come into view.
Jessica shouts!
The gnoll shouts! x4
The gnoll hits you from afar with a +0 halberd.
Found five items.
You hit the gnoll.
The gnoll is moderately wounded.
The gnoll hits you from afar with a +0 spear.
You block the gnoll's attack.
The gnoll hits you from afar with a +0 halberd.
You slash the gnoll!
The gnoll is almost dead.
The gnoll closely misses you.
The gnoll hits you from afar with a +0 halberd.
The gnoll hits you but does no damage. The gnoll barely misses you.
The gnoll closely misses you.
You barely miss the gnoll.
The gnoll is almost dead.
You hit the gnoll. The gnoll barely misses you.
The gnoll hits you with a +0 whip. The gnoll closely misses you.
The gnoll hits you with a +0 flail!
You die...

##. #####.#####
##..##### .#...%.##.
#..##...## #...###.#.#
##..#?....# .###. #..##
#...#/...?#..# #.###.#>.
#...#!.@.? ..# #.....##.
#...##.gg##..###.#<####.
#....##r##..............
##.#..g@g..#.###.##.###.
#................).# ##
###.###.#.#..#####.####
#.# ##...#.# #..... #.#
##.##.# #.#.## #.#
#....# #....# #.#
####.#####....) #.#
#..........# .#
#.#..##:....


You could see 4 gnolls, Jessica and a quokka.

Vanquished Creatures
  An orc wizard (D:3)
  2 adders (D:3)
  A dart slug (D:2)
  3 orcs (D:3)
  3 endoplasms
  3 giant cockroaches
  3 goblins
  4 hobgoblins
  2 quokkas
  5 ball pythons
  4 bats
  2 frilled lizards (D:1)
  3 kobolds
  2 rats
38 creatures vanquished.

Notes
Turn   | Place    | Note
-------+----------+-------------------------------------------
     0 | D:1      | qw the Gargoyle Fighter began the quest for the Orb.
     0 | D:1      | Reached XP level 1. HP: 14/14 MP: 1/1
     0 | D:1      | 0 ||| qw: Version: 0.1-a-116-g5d60599
     0 | D:1      | 0 ||| qw: Game counter: 7492
     0 | D:1      | 0 ||| qw: Always use a shield: true
     0 | D:1      | 0 ||| qw: God list: Okawaru
     0 | D:1      | 0 ||| qw: Allow faded altars: false
     0 | D:1      | 0 ||| qw: Do Orc after D:15 true
     0 | D:1      | 0 ||| qw: Do second Lair branch before Depths: true
     0 | D:1      | 0 ||| qw: Lair rune preference: random
     0 | D:1      | 0 ||| qw: Plans: Normal, Zot, God:TSO, Crypt, Tomb, Zig,
                  | Orb
     0 | D:1      | 0 ||| PLANNING D:1-11
    12 | D:1      | HP: 3/14 [frozen (2)]
   294 | D:1      | Reached skill level 2 in Axes
   529 | D:1      | Reached XP level 2. HP: 19/19 MP: 2/2
   662 | D:1      | Found a faded altar of an unknown god.
  1119 | D:1      | 1119 ||| READING 2 scrolls labelled QEOLUMNOINK.
  1120 | D:1      | 1120 ||| READING scroll labelled FOITAO LOANG.
  1357 | D:2      | 1357 ||| Stepping ~*~*~tactically~*~*~ (stealth).
  1361 | D:2      | Reached skill level 3 in Axes
  1407 | D:2      | 1407 ||| READING scroll of enchant weapon.
  1407 | D:2      | 1407 ||| ENCHANTING +1 war axe.
  1620 | D:2      | Reached XP level 3. HP: 23/23 MP: 3/3
  1650 | D:2      | 1650 ||| READING scroll of enchant weapon.
  1650 | D:2      | 1650 ||| ENCHANTING +2 war axe.
  1716 | D:2      | 1716 ||| UPGRADING to +1 helmet.
  1721 | D:2      | 1721 ||| UPGRADING to ring of protection from cold.
  1722 | D:2      | 1722 ||| READING scroll labelled PIESKIDGH LIEL.
  1723 | D:2      | 1723 ||| READING 2 scrolls of identify.
  1723 | D:2      | 1723 ||| IDENTIFYING smoky black potion
  1741 | D:3      | 1741 ||| STAIRDANCE
  1746 | D:3      | 1746 ||| STAIRDANCE
  1808 | D:3      | 1808 ||| Stepping ~*~*~tactically~*~*~ (hiding).
  1813 | D:3      | 1813 ||| Stepping ~*~*~tactically~*~*~ (stealth).
  1814 | D:3      | 1814 ||| STAIRDANCE
  1829 | D:3      | 1829 ||| STAIRDANCE
  1831 | D:3      | 1831 ||| STAIRDANCE
  1871 | D:3      | 1871 ||| STAIRDANCE
  1925 | D:3      | 1925 ||| STAIRDANCE
  1927 | D:3      | 1927 ||| STAIRDANCE
  1929 | D:3      | 1929 ||| STAIRDANCE
  1935 | D:3      | Reached XP level 4. HP: 13/28 MP: 4/4
  1935 | D:3      | 1935 ||| STAIRDANCE
  2126 | D:3      | Reached skill level 4 in Axes
  2133 | D:3      | 2133 ||| Stepping ~*~*~tactically~*~*~ (stealth).
  2156 | D:3      | 2156 ||| READING scroll of enchant weapon.
  2156 | D:3      | 2156 ||| ENCHANTING +3 war axe.
  2407 | D:3      | Noticed Jessica
  2410 | D:3      | HP: 7/28 [gnoll/+0 whip (5)]
  2410 | D:3      | Slain by a gnoll

Levels and vault maps discovered:
D:1:      reono_arrival_mine, layout_basic, chequers_ecumenical_altar_twisty
D:2:      layout_loops_cross
D:3:      layout_loops_ring, kennysheep_jessica_study

Skill      XL: |  1  2  3  4 |
---------------+-------------+-----
Axes           | 2 3 4 |  4.2
Fighting       | |  3.2
Armour         | |  3.2
Shields        | |  3.2

Action                   |  1- 3 |  4- 6 || total
-------------------------+-------+-------++-------
Melee: War axe           |    81 |    15 ||    96
  Use: Scroll            |     6 |     1 ||     7
Armor: Scale mail        |    47 |     4 ||    51
Dodge: Dodged            |    36 |     9 ||    45
Block: Buckler           |    14 |     1 ||    15

Table legend:
 A = Non-vault XP
 B = Vault XP
 C = Vault XP percentage of total XP
 D = Non-vault monster count
 E = Vault monster count
 F = Vault count percentage of total count
                 A         B        C        D         E       F
            +---------+---------+-------+---------+---------+-------
      Total |     124 |       0 |   0.0 |      38 |       0 |   0.0
            +---------+---------+-------+---------+---------+-------
        D:1 |      25 |       0 |   0.0 |      16 |       0 |   0.0
        D:2 |      20 |       0 |   0.0 |       9 |       0 |   0.0
        D:3 |      79 |       0 |   0.0 |      13 |       0 |   0.0
            +---------+---------+-------+---------+---------+-------
